 Dungeon Crawl Stone Soup version 0.30.0-5-g1a98f26d00 (webtiles) character file.

Game seed: 10364392277686910037

14 SnakkuSnakku7 the Sneak (level 2, -1/18 (21) HPs)
             Began as a Vampire Hedge Wizard on May 12, 2023.
             Slain by a hobgoblin
             ... wielding a +2 quarterstaff of draining
              (9 damage)
             ... on level 1 of the Dungeon.
             The game lasted 00:00:45 (252 turns).

SnakkuSnakku7 the Sneak (Vampire Hedge Wizard)       Turns: 252, Time: 00:00:45

HP:   -1/18 (21)    AC:  5    Str:  9    XL:     2   Next: 27%
MP:   6/6           EV: 10    Int: 16    God:
Gold: 15            SH:  0    Dex: 13    Spells: 6/7 levels left

rFire   . .          .
                       - Unarmed
rCold   . . .        (no shield)
rNeg    . . .        g - +0 ring mail
rPois   .            c - +0 hat
rElec   .            (no cloak)
rCorr   .            (no gloves)
SInv    +            (no boots)
Will    .....        (no amulet)
Stlth   ++           (no ring)
HPRegen 0.43/turn    (no ring)
MPRegen 0.10/turn

%: no passive effects
@: healing quickly, heavily drained
A: alive, fangs 3, see invisible, vampiric 1
a: Exsanguinate


You were on level 1 of the Dungeon.
You visited 1 branch of the dungeon, and saw 1 of its levels.

You collected 15 gold pieces.

Inventory:

Hand Weapons
 a - a +0 dagger
Armour
 b - a +0 robe
 c - a +0 hat (worn)
 g - a +0 ring mail (worn)
Potions
 d - a potion of magic
 e - a potion of curing {unknown}
 f - a potion of ambrosia {unknown}
 h - a potion of might {unknown}


   Skills:
 + Level 1.1 Fighting
 - Level 2.1 Dodging
 - Level 3.0 Stealth
 + Level 1.4 Unarmed Combat
 - Level 3.0 Spellcasting
 - Level 0.6 Conjurations
 - Level 1.0 Summonings
 - Level 0.7 Translocations


You had 6 spell levels left.
You knew the following spells:

 Your Spells              Type           Power      Damage    Failure   Level
a - Magic Dart            Conj           16%        1d3       38%         1

Your spell library contained the following spells:

 Spells                   Type           Power      Damage    Failure   Level
 Slow                     Hex            8%         N/A       45%         1
 Call Imp                 Summ           10%        N/A       45%         2
 Blink                    Tloc           8%         N/A       52%         2
 Cigotuvi's Dreadful Rot  Necr/Pois/Air  4%         N/A       61%         2
 Mephitic Cloud           Conj/Pois/Air  3%         N/A       82%         3


Dungeon Overview and Level Annotations

Branches:
Dungeon (1/15)

Altars:


Innate Abilities, Weirdness & Mutations

Your natural rate of healing is accelerated.
You have razor-sharp teeth.
You have supernaturally acute eyesight. (SInv)
You are afflicted with vampirism.


Message History

The goblin hits you but does no damage. The giant cockroach barely misses you.
You hit the giant cockroach but do no damage.
The giant cockroach is moderately wounded.
The goblin hits you with a +0 dagger.
The giant cockroach bites you but does no damage.
You closely miss the giant cockroach.
The giant cockroach is moderately wounded.
The goblin hits you but does no damage. The giant cockroach closely misses you.
You hit the giant cockroach but do no damage.
The giant cockroach is moderately wounded.
The goblin hits you with a +0 dagger.
The giant cockroach bites you but does no damage.
You barely miss the giant cockroach.
The giant cockroach is moderately wounded.
The giant cockroach barely misses you. The goblin barely misses you.
The giant cockroach barely misses you.
You barely miss the giant cockroach.
The giant cockroach is moderately wounded.
The goblin hits you but does no damage.
The giant cockroach waves its antennae.
The giant cockroach completely misses you.
You barely miss the giant cockroach. You bite the giant cockroach.
The giant cockroach is severely wounded.
The hobgoblin hits you with a +2 quarterstaff of draining.
You feel drained. The goblin hits you with a +0 dagger.
The giant cockroach misses you.
You barely miss the goblin. Your punch misses the goblin. You bite the goblin.
The goblin is moderately wounded.
The hobgoblin hits you with a +2 quarterstaff of draining.
You feel drained. The goblin closely misses you.
The giant cockroach bites you but does no damage.
You hit the goblin. Your punch misses the goblin. You bite the goblin.
You kill the goblin!
The hobgoblin hits you with a +2 quarterstaff of draining!
You feel drained.
The giant cockroach bites you but does no damage.
The hobgoblin attacks as you move away!
The hobgoblin hits you with a +2 quarterstaff of draining!
Ouch! That really hurt!
You die...

.##. .......#.#
....###......#.####
.##...............# .#
## #..........# .#
#.........# .#
#.........# ##
#.........## #
#......g...#
##..####@..#
#..####B)..#
####....###...# ###
#.............#
..#####.............#
.........)......#....
#...###.........#...#.
###..##.........#......
##............#


You could see a giant cockroach and a hobgoblin.

Vanquished Creatures
  A dart slug (D:1)
  An endoplasm (D:1)
  2 ball pythons (D:1)
  A bat (D:1)
  A frilled lizard (D:1)
  6 goblins (D:1)
12 creatures vanquished.

Notes
Turn   | Place    | Note
-------+----------+-------------------------------------------
     0 | D:1      | SnakkuSnakku7 the Vampire Hedge Wizard began the quest for
                  | the Orb.
     0 | D:1      | Reached XP level 1. HP: 13/13 MP: 4/4
   133 | D:1      | Reached skill level 1 in Unarmed Combat
   212 | D:1      | Reached skill level 1 in Fighting
   212 | D:1      | Reached XP level 2. HP: 19/21 MP: 6/6
   252 | D:1      | Slain by a hobgoblin

Illustrated notes

Levels and vault maps discovered:
D:1:      eino_arrival_tree_alley, layout_rooms, minmay_pentomino_u4

Skill      XL: |  1 |
---------------+----+-----
Unarmed Combat | 1 |  1.4
Fighting       | 1 |  1.1
Dodging        | |  2.1
Stealth        | |  3.0
Spellcasting   | |  3.0
Conjurations   | |  0.6
Summonings     | |  1.0
Translocations | |  0.7

Action                     || total
---------------------------++-------
  Melee: Dagger            ||    45
         Bite              ||     9
         Punch             ||     1
         Unarmed           ||    22
 Armour: Robe              ||     7
         Ring mail         ||    11
  Dodge: Dodged            ||    39
